 Dungeon Crawl Stone Soup version 0.29.1-2-gbd0b4ee654 (webtiles) character file.

Game seed: 1177821459330025101

71 qeuew the Ducker (level 4, -5/34 HPs)
             Began as a Merfolk Gladiator on Nov 10, 2022.
             Killed from afar by an orc wizard (8 damage)
             ... with a magic dart
             ... on level 2 of the Dungeon.
             The game lasted 00:03:00 (2475 turns).

qeuew the Ducker (Merfolk Gladiator)                Turns: 2475, Time: 00:03:00

Health: -5/34      AC:  4    Str: 13 (16) XL:     4   Next: 24%
Magic:  4/4        EV: 12    Int:  6 (7)  God:
Gold:   66         SH:  0    Dex: 12 (15) Spells: 3/3 levels left

rFire   . . .      SeeInvis .   a - +0 trident
rCold   . . .      Faith    .   (no shield)
rNeg    . . .      Spirit   .   j - +0 ring mail
rPois   .          Reflect  .   c - +1 helmet
rElec   .          Harm     .   (no cloak)
rCorr   .          Rampage  .   (no gloves)
Will    .....                   (no boots)
Stlth   +.........              (no amulet)
HPRegen 0.11/turn               (no ring)
MPRegen 0.09/turn               (no ring)

@: unable to drink
A: (nimble swimmer 2), mertail, deformed body, inability to drink after injury 1
a: no special abilities


You were on level 2 of the Dungeon.
You visited 1 branch of the dungeon, and saw 3 of its levels.

You collected 66 gold pieces.

Inventory:

Hand Weapons
 a - a +0 trident (weapon)
Missiles
 d - 3 throwing nets (quivered)
 e - a javelin
Armour
 c - a +1 helmet (worn)
 j - a +0 ring mail (worn)
Scrolls
 g - a scroll of enchant armour
Potions
 f - a potion of might


   Skills:
 + Level 2.9 Fighting
 + Level 4.6 Polearms
 + Level 2.6 Throwing
 + Level 1.0 Armour
 + Level 4.6 Dodging


You had 3 spell levels left.
You didn't know any spells.
Your spell library contained the following spells:

 Spells                   Type           Power      Damage    Failure   Level
 Summon Small Mammal      Summ           0%         N/A       71%         1
 Scorch                   Fire           0%         2d5       85%         2
 Call Canine Familiar     Summ           0%         N/A       97%         3
 Summon Guardian Golem    Hex/Summ       0%         N/A       97%         3
 Flame Wave               Conj/Fire      0%         2d4       100%        4
 Summon Cactus Giant      Summ           0%         N/A       100%        6


Dungeon Overview and Level Annotations

Branches:
Dungeon (3/15)

Altars:


Innate Abilities, Weirdness & Mutations

((You are very nimble when in or above water. (Stealth+, EV+, Speed+++)))
Your lower body shifts to a powerful aquatic tail in water.
Armour fits poorly on your strangely shaped body.
You occasionally lose the ability to drink potions when taking damage.


Message History

You are too injured to fight recklessly!
You are too injured to fight recklessly!
You are too injured to fight recklessly!
You are too injured to fight recklessly!
You are too injured to fight recklessly!
You are too injured to fight recklessly!
You are too injured to fight recklessly!
The orc wizard barely misses you. The orc hits you with a +0 short sword.
The orc hits you with a +0 flail. The quokka closely misses you.
The ball python misses you. The ball python grabs you.
You stop ascending the stairs.
The ball python constricts you.
Unknown command.
You escape the ball python's grasp.
The quokka closely misses you. The orc wizard barely misses you.
The orc hits you with a +0 short sword. The orc hits you with a +0 flail.
* * * LOW HITPOINT WARNING * * *
The ball python bites you.
* * * LOW HITPOINT WARNING * * *
The ball python completely misses you.
You climb upwards.
There is a stone staircase leading down here.
You hit the ball python.
You kill the ball python!
The quokka misses you. The orc hits you with a +0 short sword.
* * * LOW HITPOINT WARNING * * *
The orc wizard hits you with a +0 dagger.
* * * LOW HITPOINT WARNING * * *
The quokka bites you but does no damage.
You feel better. The orc wizard closely misses you.
The orc hits you with a +0 short sword.
* * * LOW HITPOINT WARNING * * *
The quokka bites you.
* * * LOW HITPOINT WARNING * * *
The quokka bites you but does no damage.
The quokka attacks as you move away! The quokka bites you.
* * * LOW HITPOINT WARNING * * *
The orc wizard gestures at you while chanting.
The magic dart hits you!
You feel threatened and lose the ability to drink potions!
You die...

.........^......#.......[.#.####.
..###########.#.###..#....#......
..# #...#.................. ..#
######'####.#.<#.#.......... ..#
#........##....#.#.......... ..#
#........##o...#............ ###
#........##or..#.#.#.#######
#........##.#......#.##.....
#........##@#.##.###.##.....
#........##.#.##.###.##.....
######........##.#.##.....##.....
...............#.#.#########.##..
######..)......#.#..#........##..
....(............##...........#..
.##########.....###...........#÷.
.# #.......# #..............
†########[#.....###...........###


You could see an orc wizard, an orc and a quokka.

Vanquished Creatures
  Terence (D:2)
  An adder (D:2)
  2 dart slugs
  An orc (D:3)
  2 bats (D:1)
  3 giant cockroaches (D:2)
  2 goblins
  6 hobgoblins
  4 jackals (D:2)
  6 ball pythons
  3 frilled lizards (D:2)
  A kobold (D:1)
  A rat (D:1)
33 creatures vanquished.

Notes
Turn   | Place    | Note
-------+----------+-------------------------------------------
     0 | D:1      | qeuew the Merfolk Gladiator began the quest for the Orb.
     0 | D:1      | Reached XP level 1. HP: 16/16 MP: 1/1
   411 | D:1      | Reached XP level 2. HP: 21/23 MP: 2/2
   966 | D:1      | Gained mutation: Your spells are a little easier to cast,
                  | but a little less powerful. [potion of mutation]
   966 | D:1      | Gained mutation: You have sharp fingernails. [potion of
                  | mutation]
  1173 | D:2      | Noticed Terence
  1190 | D:2      | Killed Terence
  1191 | D:2      | Reached XP level 3. HP: 7/28 MP: 3/3
  1572 | D:2      | Found a faded altar of an unknown god.
  1624 | D:2      | Lost mutation: Your spells are a little easier to cast, but
                  | a little less powerful. [potion of mutation]
  1624 | D:2      | Lost mutation: You have sharp fingernails. [potion of
                  | mutation]
  1624 | D:2      | Gained mutation: You occasionally lose the ability to drink
                  | potions when taking damage. [potion of mutation]
  1624 | D:2      | Gained mutation: Armour fits poorly on your strangely
                  | shaped body. [potion of mutation]
  1841 | D:2      | Reached XP level 4. HP: 24/34 MP: 4/4
  2138 | D:2      | Reached skill level 1 in Armour
  2475 | D:2      | Killed from afar by an orc wizard

Illustrated notes

Levels and vault maps discovered:
D:1:      dpeg_arrival_concentric_ovals, layout_basic
D:2:      layout_basic, shapermc_ecumenical_altar_gd, uniq_terence
D:3:      layout_rooms, amcnicky_altar_gilded, xom_teletrap_fun,
          dancing_weapons_uskayaw, chequers_temple_overflow_minitemple

Skill      XL: |  1  2  3  4 |
---------------+-------------+-----
Armour         | 1 |  1.0
Fighting       | |  2.9
Polearms       | |  4.6
Throwing       | |  2.6
Dodging        | |  4.6

Action                   |  1- 3 |  4- 6 || total
-------------------------+-------+-------++-------
Melee: Trident           |    91 |    28 ||   119
  Use: Potion            |     5 |     2 ||     7
       Scroll            |     4 |       ||     4
Armor: Leather armour    |     3 |       ||     3
       Ring mail         |    15 |    11 ||    26
Dodge: Dodged            |    39 |    29 ||    68
